 Dungeon Crawl Stone Soup version 0.19.1 (webtiles) character file.

1960 loralnil the Shield-Bearer (level 9, -5/78 HPs)
             Began as a Formicid Fighter on Dec 10, 2016.
             Killed by divine providence
             ... invoked by an orc priest
              (11 damage)
             ... on level 6 of the Dungeon.
             The game lasted 00:10:20 (4299 turns).

loralnil the Shield-Bearer (Formicid Fighter)       Turns: 4299, Time: 00:10:21

Health: -5/78      AC: 14    Str: 23    XL:     9   Next: 42%
Magic:  9/9        EV:  7    Int:  9    God:
Gold:   128        SH:  0    Dex: 10    Spells: 0 memorised, 8 levels left

rFire  . . .     SeeInvis +     d - +1 hand axe (freeze)
rCold  . . .     Gourm    +     g - +0 chain mail (curse)
rNeg   . . .     Faith    .     c - +0 shield
rPois  .         Spirit   .     (helmet unavailable)
rElec  .         Reflect  .     b - +0 cloak
rCorr  .         Harm     .     y - +2 pair of gloves
MR     .....                    (no boots)
Stlth  ..........               s - amulet of the gourmand
                                (no ring)
                                (no ring)

@: confused, drained
A: permanent stasis, dig shafts and tunnels, four strong arms, antennae 3,
robust 1, wild magic 1
a: Dig, Shaft Self


You were on level 6 of the Dungeon.
You were completely stuffed.

You visited 1 branch of the dungeon, and saw 6 of its levels.

You collected 219 gold pieces.
You spent 91 gold pieces at shops.

Inventory:

Hand Weapons
 d - a +1 hand axe of freezing (weapon)
Armour
 b - a +0 cloak (worn)
 c - a +0 shield (worn)
 g - a cursed +0 chain mail (worn)
 y - a +2 pair of gloves (worn)
Jewellery
 s - an amulet of the gourmand (around neck)
 x - an uncursed ring of poison resistance {unknown}
Wands
 n - a wand of acid (5/15)
 q - a wand of heal wounds (2/9)
Scrolls
 a - a scroll of recharging
 e - 2 scrolls of remove curse
 h - 2 scrolls of enchant weapon
 m - a scroll of magic mapping
 u - a scroll of fear
 v - a scroll of enchant armour {unknown}
Potions
 k - 2 potions of agility
 l - a potion of haste
 o - a potion of berserk rage {unknown}
 p - 2 potions of flight {unknown}
 w - a potion of brilliance {unknown}
 z - a potion of curing {unknown}
Comestibles
 f - 2 bread rations
 j - a meat ration
 r - 2 beef jerkies
 t - 3 chunks of flesh


   Skills:
 + Level 6.4(5.8) Fighting
 + Level 7.3(6.7) Axes
 + Level 6.2(5.6) Armour
 + Level 1.2(0.7) Dodging
 + Level 1.3(0.8) Stealth
 + Level 7.9(7.3) Shields


You had 8 spell levels left.
You didn't know any spells.

Dungeon Overview and Level Annotations

Branches:
Dungeon (6/15)             Temple (0/1) D:5

Altars:
Ashenzari
Kikubaaqudgha

Shops:
D:4 ?

Annotations:
D:6 Sigmund


Innate Abilities, Weirdness & Mutations

You are under a permanent stasis effect.
You can dig through walls and to a lower floor.
Your four strong arms can wield two-handed weapons with a shield.
You have a pair of large antennae on your head. (SInv)
You are robust. (+10% HP)
Your spells are a little harder to cast, but a little more powerful.


Message History

You closely miss the orc priest.
The orc priest is almost dead.
You closely miss the orc warrior. You hit Sigmund but do no damage.
The orc priest hits you but does no damage.
Sigmund screams, "I am the angel of ZOT!!!"
Sigmund barely misses you.
Unknown command.
The orc warrior hits you with a battleaxe.
* * * LOW HITPOINT WARNING * * *
Unknown command.
You're too confused to move!
The orc priest mumbles some strange prayers to Beogh against you.
Beogh smites you!
* * * LOW HITPOINT WARNING * * *
The orc warrior hits you but does no damage.
Sigmund hits you from afar with a scythe.
* * * LOW HITPOINT WARNING * * *
The orc priest calls down the wrath of Beogh upon you.
Beogh smites you!
You die...

.## .# ##.. .# ... [#
..### ## %..## # # ...#
.. # .###### ##..####..#
###.##..... #........#
....##....####..@...#
##........#.<|......#
#..###.........oo...###
#.# #.........).@....#
..####.....###..........
........................
.†...####.####..........
†...........##..........
.......####.....>.......


You could see Sigmund (invisible), an orc warrior and an orc priest.

Vanquished Creatures
  Pikel (D:5)
  Eustachio (D:4)
  The ghost of Scuka the Archer, an amateur CeHu (D:3)
  Edmund (D:5)
  Duvessa (D:4)
  3 slaves (D:5)
  2 ogres (D:4)
  A phantom (D:3)
  Dowan (D:4)
  2 scorpions (D:4)
  A centaur zombie (D:6)
  5 orc priests
  Crazy Yiuf (D:3)
  4 orc wizards
  Jessica (D:2)
  An iguana (D:4)
  A worker ant (D:6)
  8 adders
  3 oozes
  An adder zombie (D:5)
  An adder skeleton (D:4)
  3 worms
  2 dart slugs
  4 leopard geckos
  26 orcs
  5 bats
  4 giant cockroaches
  3 goblins
  8 hobgoblins
  10 jackals
  8 kobolds
  3 quokkas
  2 ball pythons (D:1)
  10 frilled lizards
  A quokka skeleton (D:6)
  8 rats
138 creatures vanquished.

Vanquished Creatures (others)
  A human (D:5)
  An iguana (D:5)
2 creatures vanquished.

Grand Total: 140 creatures vanquished

Notes
Turn   | Place    | Note
-------+----------+-------------------------------------------
     0 | D:1      | loralnil the Formicid Fighter began the quest for the Orb.
     0 | D:1      | Reached XP level 1. HP: 18/18 MP: 1/1
    73 | D:1      | Reached XP level 2. HP: 11/24 MP: 2/2
   518 | D:1      | Reached XP level 3. HP: 24/29 MP: 3/3
   652 | D:2      | Noticed Jessica
   658 | D:2      | Killed Jessica
   658 | D:2      | Reached XP level 4. HP: 34/35 MP: 4/4
  1117 | D:2      | Reached XP level 5. HP: 41/41 MP: 5/5
  1404 | D:3      | Noticed Scuka's ghost (amateur CeHu)
  1413 | D:3      | Killed Scuka's ghost
  1413 | D:3      | Reached XP level 6. HP: 11/48 MP: 6/6
  1646 | D:3      | Noticed a phantom
  1650 | D:3      | Reached skill level 5 in Shields
  1663 | D:3      | Killed a phantom
  1820 | D:3      | Found a runed door.
  1824 | D:3      | Noticed Crazy Yiuf
  1845 | D:3      | Killed Crazy Yiuf
  1845 | D:3      | Reached XP level 7. HP: 14/55 MP: 7/7
  2190 | D:3      | Gained mutation: You are robust. (+10% HP) [potion of beneficial mutation]
  2191 | D:3      | Gained mutation: Your spells are a little harder to cast, but a little more powerful. [potion of beneficial mutation]
  2314 | D:4      | Found Ydynosie's Magic Scroll Boutique.
  2323 | D:4      | Bought a scroll of identify for 26 gold pieces
  2323 | D:4      | Bought a scroll of teleportation for 39 gold pieces
  2323 | D:4      | Bought a scroll of identify for 26 gold pieces
  2402 | D:4      | Reached skill level 5 in Axes
  2725 | D:4      | Reached skill level 5 in Armour
  2835 | D:4      | Noticed Dowan
  2837 | D:4      | Noticed Duvessa
  2848 | D:4      | Reached skill level 5 in Fighting
  2851 | D:4      | Killed Dowan
  2858 | D:4      | Reached XP level 8. HP: 48/68 MP: 8/8
  2869 | D:4      | Killed Duvessa
  2869 | D:4      | Reached skill level 1 in Stealth
  2903 | D:4      | Found a shattered altar of Ashenzari.
  2951 | D:4      | Noticed Eustachio
  2967 | D:4      | Killed Eustachio
  3200 | D:4      | Reached skill level 1 in Dodging
  3374 | D:5      | Entered Level 5 of the Dungeon
  3612 | D:5      | Noticed Pikel
  3622 | D:5      | Killed Pikel
  3622 | D:5      | Reached XP level 9. HP: 75/75 MP: 9/9
  3675 | D:5      | Found a staircase to the Ecumenical Temple.
  3909 | D:5      | Found an ancient bone altar of Kikubaaqudgha.
  4086 | D:5      | Noticed Edmund
  4102 | D:5      | Killed Edmund
  4276 | D:6      | Noticed Sigmund
  4298 | D:6      | HP: 2/78 [Sigmund/scythe (5)]
  4299 | D:6      | Killed from afar by an orc priest

Skill      XL: |  1  2  3  4  5  6  7  8  9 |
---------------+----------------------------+-----
Shields        | 4 5 7 |  7.9
Armour         | 4 5 6 |  6.2
Axes           | 3 4 5 6 7 |  7.3
Fighting       | 4 5 6 |  6.4
Stealth        | 1 |  1.3
Dodging        | 1 |  1.2

Action                   |  1- 3 |  4- 6 |  7- 9 || total
-------------------------+-------+-------+-------++-------
Melee: War axe           |    80 |   169 |     8 ||   257
       Hand axe          |       |       |   267 ||   267
  Use: Scroll            |     4 |     6 |     3 ||    13
       Potion            |       |     3 |     4 ||     7
  Eat: Chunk             |       |     3 |    21 ||    24
Armor: Scale mail        |    32 |       |       ||    32
       Chain mail        |    12 |    76 |   123 ||   211
Dodge: Dodged            |    21 |    45 |    77 ||   143
Block: Shield            |    47 |    97 |   150 ||   294
